 Dungeon Crawl Stone Soup version 0.32-a0-675-gdc239d62e1 (webtiles) character file.

Game seed: 7008486815119633882

20475 Alarak the Nimble (level 13, -6/92 HPs)
             Began as a Djinni Hedge Wizard on Mar 8, 2024.
             Was an Elder of Makhleb.
             Killed from afar by a frost giant (28 damage)
             ... with a bolt of cold
             ... in an ice cave on Mar 11, 2024.
             The game lasted 01:17:15 (9417 turns).

Alarak the Nimble (Djinni Hedge Wizard)             Turns: 9417, Time: 01:17:18

Health: -6/92      AC: 12    Str:  9    XL:     13   Next: 12%
Gold:   573        EV: 16    Int: 20    God:    Makhleb [****..] SH:  0 Dex: 14

rFire   + + .        p - +4 dagger (vamp)
rCold   . . .        (no shield)
rNeg    . . .        l - +2 leather armour "Vuybb" {Rampage Regen+}
rPois   ∞            q - +2 helmet
rElec   .            (no cloak)
rCorr   .            (no gloves)
SInv    .            (boots unavailable)
Will    +....        x - amulet of regeneration
Stlth   ++           d - +4 ring of protection
HPRegen 1.95/turn    h - ring of protection from cold
MPRegen 0.00/turn

%: rampage, infuse magic (-7 HP)
@: flying, studying Earth Magic
A: sickness immunity, fire resistance 2, cold vulnerability 1, float, innate
caster, HP casting, extra vitality 1
a: Renounce Religion, Minor Destruction, Lesser Servant of Makhleb, Major
Destruction


You were in an ice cave.
You worshipped Makhleb.
Makhleb was greatly pleased with you.
You visited 2 branches of the dungeon, and saw 12 of its levels.
You also visited: Sewer, Bailey and Ice Cave.

You collected 573 gold pieces.

Inventory:

Hand Weapons
 p - a +4 vampiric dagger (weapon)
Missiles
 i - 165 stones
Armour
 l - the +2 leather armour "Vuybb" (worn) {Rampage Regen+}
   (You found it on level 3 of the Dungeon)

   Regen+:    It increases your rate of health regeneration.
   Rampage:   It bestows one free step when moving towards enemies.
 q - a +2 helmet (worn)
 y - a +0 troll leather armour
Magical Staves
 G - a staff of fire
Jewellery
 d - a +4 ring of protection (left hand)
 h - a ring of protection from cold (right hand)
 x - an amulet of regeneration (around neck)
Wands
 k - a wand of flame (88)
 s - a wand of paralysis (19)
 z - a wand of quicksilver (4)
 F - a wand of warping (12)
Scrolls
 e - 5 scrolls of teleportation
 o - 3 scrolls of butterflies
 t - 2 scrolls of identify
 D - 3 scrolls of enchant armour
 I - a scroll of fog {unknown}
Potions
 a - a potion of lignification
 b - 4 potions of mutation
 c - a potion of magic
 f - 3 potions of cancellation
 g - a potion of might
 j - 5 potions of haste
 m - a potion of attraction
 n - 3 potions of degeneration
 r - 2 potions of brilliance
 u - a potion of experience {unknown}
 v - 6 potions of resistance {unknown}
 w - 2 potions of heal wounds
 A - 2 potions of enlightenment {unknown}
 C - a potion of invisibility {unknown}
 E - 4 potions of curing {unknown}
 H - a potion of ambrosia {unknown}


   Skills:
 - Level 7.9 Fighting
 - Level 5.1 Armour
 - Level 11.5 Dodging
 - Level 1.5 Stealth
 - Level 11.0 Spellcasting
 - Level 11.0 Conjurations
 - Level 11.0 Hexes
 - Level 11.0 Summonings
 - Level 11.0 Necromancy
 - Level 11.0 Translocations
 - Level 11.0 Fire Magic
 - Level 11.0 Ice Magic
 - Level 11.0 Air Magic
 - Level 11.0 Earth Magic
 - Level 11.0 Alchemy
 + Level 8.1 Evocations


You knew the following spells:

 Your Spells              Type           Power      Damage    Failure   Level
a - Magic Dart            Conj           100%       1d8       1%          1
b - Slow                  Hex            100%       N/A       1%          1
c - Blink                 Tloc           100%       N/A       1%          2
d - Call Imp              Summ           100%       N/A       1%          2
e - Mephitic Cloud        Conj/Alch/Air  53%        N/A       1%          3
f - Sandblast             Erth           100%       2d20      1%          1
g - Jinxbite              Hex            100%       N/A       1%          2
h - Mercury Vapours       Alch/Air       100%       N/A       1%          2
i - Sigil of Binding      Hex            53%        N/A       1%          3
j - Silence               Hex/Air        26%        N/A       2%          5
k - Alistair's Intoxicat  Alch           35%        N/A       2%          5
Your spell library was empty.

Dungeon Overview and Level Annotations

Branches:
Dungeon (11/15)            Temple (1/1) D:6            Lair (0/5) D:9
    Orc (0/2) D:10          Sewer (visited)          Bailey (visited)
  IceCv (1/1)

Altars:
Ashenzari
Cheibriados
Dithmenos
Elyvilon
Fedhas
Gozag
Hepliaklqana
Makhleb
Nemelex Xobeh
Okawaru
Qazlal
Ru
Trog
Uskayaw
Wu Jian
Xom
Yredelemnul
Zin
The Shining One

Annotations:
Temple 2 transporters IceCv exclusion: ice statue


Innate Abilities, Weirdness & Mutations

You are immune to sickness and miasma.
You are immune to poison.
Your flesh is very heat resistant. (rF++)
You are vulnerable to cold. (rC-)
You float through the air rather than walking.
You learn spells naturally, not from books.
Your magical power is your life essence.
You have superior vitality. (+4 MHP)


Message History

A tiny devil pulls itself out of the air.
* * * LOW HITPOINT WARNING * * *
You are engulfed in freezing vapours.
* * * LOW HITPOINT WARNING * * *
The frost giant is engulfed in noxious fumes.
Casting: Call Imp (safe; 1% risk of failure)
Confirm with . or Enter, or press ? or * to list all spells.
You blink.
* * * LOW HITPOINT WARNING * * *
Your cerulean imp hits the frost giant but does no damage.
You feel ready to blink again.
Your cerulean imp hits the frost giant with a +1 spear.
The frost giant gestures at your cerulean imp while chanting.
The bolt of cold hits your cerulean imp!!!
Your cerulean imp dies!
Your cerulean imp disappears in a puff of smoke!
You hear an angry growl.
Casting: Blink (safe; 1% risk of failure)
Confirm with . or Enter, or press ? or * to list all spells.
Aiming: Mephitic Cloud (safe; 1% risk of failure)
Press: ? - help, Shift-Dir - straight line, f/p - frost giant
Aim: a frost giant, wielding a +0 battleaxe of freezing (water, severely wounded, unaware, very poisoned, hasn't noticed you, chance to affect: 24%)
The ball explodes into a vile cloud!
The stinking cloud engulfs the frost giant.
The frost giant is severely wounded.
The frost giant shouts!
* * * LOW HITPOINT WARNING * * *
You hear an angry hiss.
You hear a howl!
The frost giant is engulfed in noxious fumes.
Casting: Mephitic Cloud (safe; 1% risk of failure)
Confirm with . or Enter, or press ? or * to list all spells.
A tiny devil pulls itself out of the air.
* * * LOW HITPOINT WARNING * * *
You swap places.
The frost giant gestures at you while chanting.
The bolt of cold hits your cerulean imp!!
Your cerulean imp dies!
Your cerulean imp disappears in a puff of smoke!
The bolt of cold hits you!!
You die...

##..#
##†.##
#..##
##..#
#.#.#
##..##
##..#
##..##
##.#
##..## #
##..#
#..######
##..##
#..#...#.
#..##
##...##..
#@#.#
####...†
##§.##
##†.#
##..#
####
##.##
###.#C#
###≈≈≈.##
#≈≈≈≈C##
####≈≈≈#
#.≈≈≈#


You could see a frost giant (very poisoned).

Vanquished Creatures
  An orc warlord (Bailey)
  Josephine (D:10)
  A hydra (D:10)
  Erica (D:8)
  5 death yaks (IceCv)
  A two-headed ogre (D:5)
  Pikel (D:8)
  An ugly thing (D:11)
  Joseph (D:10)
  Maggie (D:9)
  An unseen horror (D:11)
  3 rime drakes (IceCv)
  3 polar bears (IceCv)
  A troll (D:10)
  Grinder (D:3)
  Prince Ribbit (D:8)
  3 wyverns
  17 yaks
  5 wraiths (D:10)
  A warg (D:10)
  A steam dragon (D:6)
  Menkaure (D:6)
  A water moccasin (D:7)
  Pargi (Sewer)
  9 orc warriors
  An ice beast (D:5)
  An ogre (D:6)
  7 wolves
  5 centaurs
  A lemure (D:8)
  2 phantoms
  A kobold brigand (D:11)
  4 bullfrogs
  A brain worm (Sewer)
  A gnoll sergeant (D:9)
  A two-headed ogre simulacrum (D:11)
  2 scorpions
  8 wights
  Dowan (D:5)
  7 killer bees (D:7)
  2 howler monkeys
  A bombardier beetle (D:5)
  6 orc priests
  2 hounds
  A jelly (D:8)
  7 iguanas
  A gnoll bouda (D:5)
  Ijyb (D:5)
  2 sleepcaps
  Natasha (thrice) (D:2)
  8 orc wizards
  A spriggan simulacrum (D:11)
  A troll simulacrum (D:11)
  4 adders
  7 gnolls
  A naga simulacrum (D:11)
  3 white imps (D:7)
  3 ufetubi
  2 dart slugs (D:3)
  20 orcs
  3 bats
  7 endoplasms
  3 giant cockroaches
  14 goblins
  12 hobgoblins
  20 kobolds
  7 quokkas
  4 ball pythons
  3 frilled lizards
  4 rats
259 creatures vanquished.

Vanquished Creatures (collateral kills)
  A komodo dragon (D:11)
  A polar bear (IceCv)
  3 yaks
  Grum (D:9)
  Duvessa (D:5)
  A wolf (D:9)
  An ogre (D:6)
  A centaur (D:9)
  A lemure (D:8)
  A kobold brigand (D:9)
  A brain worm (Sewer)
  2 wights (D:8)
  A bombardier beetle (D:6)
  A hound (D:5)
  Terence (D:3)
  An iguana (D:5)
  An orc wizard (D:9)
  Robin (D:3)
  2 gnolls
  3 adders
  A white imp (D:5)
  An ufetubus (D:5)
  3 orcs
  A ball python (D:2)
  An endoplasm (D:3)
  3 giant cockroaches (D:5)
  A goblin (Bailey)
  2 hobgoblins
  6 kobolds
  A bat (D:3)
46 creatures vanquished.

Grand Total: 305 creatures vanquished

Notes
Turn   | Place    | Note
-------+----------+-------------------------------------------
     0 | D:1      | Alarak the Djinni Hedge Wizard began the quest for the Orb.
     0 | D:1      | Alarak set off with the following spells memorised: Magic
                  | Dart, Slow, Blink, Call Imp, Mephitic Cloud.
     0 | D:1      | Reached XP level 1. HP: 15/15 MP: 0/0
   497 | D:2      | Noticed Natasha
   505 | D:2      | Noticed a cerulean imp
   506 | D:2      | Killed Natasha
   507 | D:2      | Reached XP level 2. HP: 3/21 MP: 0/0
   507 | D:2      | Reached XP level 3. HP: 3/25 MP: 0/0
   507 | D:2      | Learned a level 1 spell: Sandblast
   634 | D:2      | Noticed Natasha
   643 | D:2      | Killed Natasha
   644 | D:2      | Reached XP level 4. HP: 5/31 MP: 0/0
   848 | D:2      | Noticed Natasha
   854 | D:2      | Killed Natasha
   973 | D:2      | Reached XP level 5. HP: 31/35 MP: 0/0
   973 | D:2      | Learned a level 2 spell: Jinxbite
  1239 | D:3      | Noticed Grinder
  1245 | D:3      | Paralysed by Grinder for 4 turns
  1250 | D:3      | Killed Grinder
  1251 | D:3      | Reached skill level 5 in Spellcasting
  1251 | D:3      | Reached skill level 5 in Conjurations
  1251 | D:3      | Reached skill level 5 in Hexes
  1251 | D:3      | Reached skill level 5 in Summonings
  1251 | D:3      | Reached skill level 5 in Necromancy
  1251 | D:3      | Reached skill level 5 in Translocations
  1251 | D:3      | Reached skill level 5 in Fire Magic
  1251 | D:3      | Reached skill level 5 in Ice Magic
  1251 | D:3      | Reached skill level 5 in Air Magic
  1251 | D:3      | Reached skill level 5 in Earth Magic
  1251 | D:3      | Reached skill level 5 in Alchemy
  1251 | D:3      | Reached XP level 6. HP: 13/40 MP: 0/0
  1394 | D:3      | Found a faded altar of an unknown god.
  1415 | D:3      | Identified the +2 leather armour "Vuybb" {Rampage Regen+}
  1549 | D:3      | Noticed Terence
  1592 | D:3      | Killed Terence
  1659 | D:3      | Noticed Robin
  1672 | D:3      | Killed Robin
  1904 | D:3      | Reached XP level 7. HP: 45/45 MP: 0/0
  1904 | D:3      | Learned a level 2 spell: Mercury Vapours
  2202 | D:4      | Reached skill level 1 in Armour
  2525 | D:4      | Found a broken altar of Ashenzari.
  2883 | D:5      | Entered Level 5 of the Dungeon
  2883 | D:5      | Noticed Ijyb
  2904 | D:5      | Killed Ijyb
  2936 | D:5      | Noticed Duvessa
  2941 | D:5      | Noticed Dowan
  2975 | D:5      | Killed Dowan
  2990 | D:5      | Killed Duvessa
  3029 | D:5      | Reached XP level 8. HP: 49/50 MP: 0/0
  3099 | D:5      | Reached skill level 5 in Armour
  3208 | D:5      | Noticed a two-headed ogre
  3223 | D:5      | Killed a two-headed ogre
  3224 | D:5      | Reached XP level 9. HP: 45/55 MP: 0/0
  3224 | D:5      | Learned a level 3 spell: Sigil of Binding
  3384 | D:5      | Found a glowing drain.
  3421 | Sewer    | Entered a sewer
  3525 | Sewer    | Noticed Pargi
  3547 | Sewer    | Killed Pargi
  4114 | D:6      | Reached skill level 10 in Dodging
  4179 | D:6      | Noticed Menkaure
  4269 | D:6      | Reached XP level 10. HP: 16/60 MP: 0/0
  4420 | D:6      | Killed Menkaure
  4544 | D:6      | Found a staircase to the Ecumenical Temple.
  4562 | Temple   | Found a transporter.
  4562 | Temple   | Found a transporter.
  4562 | Temple   | Found a transporter.
  4562 | Temple   | Found a transporter.
  4562 | Temple   | Entered the Ecumenical Temple
  4576 | Temple   | Became a worshipper of Makhleb the Destroyer
  4594 | D:6      | Upgraded the game from 0.32-a0-656-g3542139ebd to
                  | 0.32-a0-675-gdc239d62e1
  5262 | D:7      | Reached * piety under Makhleb
  5318 | D:7      | Found an iron altar of Okawaru.
  5408 | D:7      | Found a stormy altar of Qazlal.
  5662 | D:8      | Noticed Prince Ribbit
  5675 | D:8      | Killed Prince Ribbit
  5950 | D:8      | Noticed Erica
  5989 | D:8      | Killed Erica
  5990 | D:8      | Reached XP level 11. HP: 38/65 MP: 0/0
  5990 | D:8      | Learned a level 5 spell: Silence
  6003 | D:8      | Reached skill level 10 in Spellcasting
  6003 | D:8      | Reached skill level 10 in Conjurations
  6003 | D:8      | Reached skill level 10 in Hexes
  6003 | D:8      | Reached skill level 10 in Summonings
  6003 | D:8      | Reached skill level 10 in Necromancy
  6003 | D:8      | Reached skill level 10 in Translocations
  6003 | D:8      | Reached skill level 10 in Fire Magic
  6003 | D:8      | Reached skill level 10 in Ice Magic
  6003 | D:8      | Reached skill level 10 in Air Magic
  6003 | D:8      | Reached skill level 10 in Earth Magic
  6003 | D:8      | Reached skill level 10 in Alchemy
  6255 | D:8      | Noticed Pikel
  6279 | D:8      | Killed Pikel
  6495 | D:9      | Found a staircase to the Lair.
  6669 | D:9      | Reached ** piety under Makhleb
  6772 | D:9      | Found a flagged portal.
  6783 | Bailey   | Entered a bailey
  6790 | Bailey   | Noticed an orc warlord
  6916 | Bailey   | Found a runed translucent gate.
  6919 | Bailey   | Found a runed translucent gate.
  6921 | Bailey   | Found a runed translucent gate.
  7102 | Bailey   | Killed an orc warlord
  7124 | Bailey   | Identified the +7 arbalest "Wokhaqe" {drain, *Corrode rElec
                  | rPois SInv}
  7133 | Bailey   | Identified the +0 ring mail of Loss {Str+2}
  7198 | D:9      | Noticed Grum
  7220 | D:9      | Reached *** piety under Makhleb
  7221 | D:9      | Killed Grum
  7308 | D:9      | Noticed Maggie
  7319 | D:9      | Killed Maggie
  7578 | D:10     | Entered Level 10 of the Dungeon
  7589 | D:10     | Reached skill level 1 in Fighting
  7682 | D:10     | Noticed Joseph
  7690 | D:10     | Noticed an eight-headed hydra
  7694 | D:10     | Found a staircase to the Orcish Mines.
  7710 | D:10     | Acquired a manual of Earth Magic
  7748 | D:10     | Reached XP level 12. HP: 78/78 MP: 0/0
  7757 | D:10     | Killed an eight-headed hydra
  7775 | D:10     | Reached skill level 5 in Fighting
  7781 | D:10     | Killed Joseph
  8209 | D:10     | Noticed Josephine
  8221 | D:10     | Killed Josephine
  8628 | D:11     | Reached skill level 1 in Evocations
  8695 | D:11     | Reached **** piety under Makhleb
  9031 | D:11     | Found a frozen archway.
  9047 | IceCv    | Entered an ice cave
  9096 | IceCv    | Noticed a death yak
  9134 | IceCv    | Killed a death yak
  9135 | IceCv    | Reached skill level 5 in Evocations
  9163 | IceCv    | Noticed a death yak
  9165 | IceCv    | Noticed a death yak
  9166 | IceCv    | Noticed a death yak
  9206 | IceCv    | Killed a death yak
  9209 | IceCv    | Killed a death yak
  9213 | IceCv    | Killed a death yak
  9214 | IceCv    | Reached XP level 13. HP: 43/92 MP: 0/0
  9214 | IceCv    | Learned a level 5 spell: Alistair's Intoxication
  9388 | IceCv    | Noticed a frost giant
  9417 | IceCv    | Killed from afar by a frost giant

Illustrated notes

Levels and vault maps discovered:
D:1:      dpeg_arrival_more_subterranean_lakeside_camping, layout_basic
D:2:      layout_basic, uniq_natasha
D:3:      layout_basic, shapermc_ecumenical_altar_gd, uniq_robin, uniq_terence,
          uniq_grinder
D:4:      layout_loops_ring, evilmike_ruin_ashenzari
D:5:      layout_cave_pods, gup_sewer_entry_pipe, kennysheep_decorative_pillar,
          uniq_ijyb, uniq_duvessa
D:6:      hellmonk_destroyed_diamonds, layout_cave_pools,
          minmay_temple_entry_stoned_glass, uniq_menkaure
D:7:      layout_loops_cross, mainiacjoe_overflow_surrounded_room,
          lemuel_doored_altar, minmay_splitting_lines
D:8:      layout_gridville, nicolae_figureground_pulse, uniq_pikel, uniq_erica,
          uniq_prince_ribbit1
D:9:      layout_long_grid, erik_lair_orcish_takeover, enter_bailey_2,
          uniq_maggie, uniq_grum
D:10:     layout_basic, david_orc_3, uniq_josephine, uniq_joseph
D:11:     layout_long_grid, portal_ice_cave_entry_ice_simulacra
Temple:   hellmonk_temple_divided_pantheon
IceCv:    ice_cave_small_giant

Skill      XL: |  1  2  3  4  5  6  7  8  9 10 11 12 13 |
---------------+----------------------------------------+-----
Spellcasting   | 4 5 6 9 11 | 11.0
Conjurations   | 4 5 6 9 11 | 11.0
Hexes          | 4 5 6 9 11 | 11.0
Summonings     | 4 5 6 9 11 | 11.0
Necromancy     | 4 5 6 9 11 | 11.0
Translocations | 4 5 6 9 11 | 11.0
Fire Magic     | 4 5 6 9 11 | 11.0
Ice Magic      | 4 5 6 9 11 | 11.0
Air Magic      | 4 5 6 9 11 | 11.0
Earth Magic    | 4 5 6 9 11 | 11.0
Alchemy        | 4 5 6 9 11 | 11.0
Armour         | 4 5 |  5.1
Dodging        | 7 10 11 | 11.5
Fighting       | 3 7 |  7.9
Evocations     | 7 8 |  8.1
Stealth        | |  1.5

Action                     |  1- 3 |  4- 6 |  7- 9 | 10-12 | 13-15 || total
---------------------------+-------+-------+-------+-------+-------++-------
  Melee: Dagger            |       |     1 |    63 |   146 |     5 ||   215
   Cast: Magic Dart        |    26 |    80 |   147 |   296 |    22 ||   571
         Sandblast         |     3 |     9 |     7 |    89 |    23 ||   131
         Call Imp          |     3 |     7 |    17 |    60 |     7 ||    94
         Slow              |       |     6 |     2 |    30 |       ||    38
         Mephitic Cloud    |       |     3 |    30 |   161 |     9 ||   203
         Mercury Vapours   |       |       |    41 |   120 |     1 ||   162
         Blink             |       |       |       |    12 |     1 ||    13
         Jinxbite          |       |       |       |     3 |       ||     3
  Evoke: Wand              |       |     4 |       |     3 |       ||     7
    Use: Scroll            |     5 |     1 |    12 |    14 |       ||    32
         Potion            |       |       |       |     3 |       ||     3
   Stab: Confused          |       |       |     4 |    26 |     1 ||    31
         Distracted        |       |       |     1 |       |       ||     1
 Armour: Robe              |    11 |     4 |       |       |       ||    15
         Leather armour    |       |    10 |    58 |   212 |    17 ||   297
  Dodge: Dodged            |     6 |    10 |    61 |   254 |    14 ||   345

Table legend: (Time is in decaauts)
 A = Elapsed time spent in this place.
 B = Non-inter-level travel time spent in this place.
 C = Inter-level travel time spent in this place.
 D = Time resting spent in this place.
 E = Time spent auto-exploring this place.
 F = Levels seen in this place.
 G = Mean time per level.
                   A        B        C        D        E       F      G
               +--------+--------+--------+--------+--------+-----+--------+
         Total |   9536 |   9069 |    467 |    652 |   6067 |  15 |  635.7 |
       Dungeon |   8561 |   8121 |    440 |    610 |   5674 |  11 |  778.3 |
        Temple |     30 |      3 |     27 |      0 |      0 |   1 |   30.0 |
         Sewer |    165 |    165 |      0 |      0 |    106 |   1 |  165.0 |
        Bailey |    388 |    388 |      0 |      0 |    179 |   1 |  388.0 |
      Ice Cave |    389 |    389 |      0 |     42 |    108 |   1 |  389.0 |
               +--------+--------+--------+--------+--------+-----+--------+

Top non-repeatable levels by time:
     D:5: 1130 daAuts
     D:3: 988 daAuts
    D:10: 907 daAuts
     D:8: 794 daAuts
     D:7: 787 daAuts
     D:9: 764 daAuts
     D:4: 697 daAuts
     D:2: 655 daAuts
     D:6: 653 daAuts
    D:11: 615 daAuts
     D:1: 567 daAuts
   IceCv: 389 daAuts
  Bailey: 388 daAuts
   Sewer: 165 daAuts
  Temple: 30 daAuts
